 Dungeon Crawl Stone Soup version 0.19-a0-1740-g0bcaf2e (webtiles) character file.

18 Amnesiac the Digger (level 2, -6/15 HPs)
             Began as a Deep Elf Earth Elementalist on Oct 2, 2016.
             Mangled by an orc priest
             ... wielding a +0 flail
              (9 damage)
             ... on level 3 of the Dungeon.
             The game lasted 00:01:12 (335 turns).

Amnesiac the Digger (Deep Elf Earth Elementalist)    Turns: 335, Time: 00:01:13

Health: -6/15      AC:  3    Str:  5    XL:     2   Next: 48%
Magic:  1/8        EV: 13    Int: 19    God:
Gold:   44         SH:  0    Dex: 15    Spells: 2 memorised, 4 levels left

rFire  . . .     SeeInvis .     b - 17 stones
rCold  . . .     Gourm    .     c - +0 robe
rNeg   . . .     Faith    .     (no shield)
rPois  .         Spirit   .     (no helmet)
rElec  .         Dismiss  .     (no cloak)
rCorr  .         Reflect  .     i - +0 pair of gloves
MR     .....     Harm     .     (no boots)
Stlth  ++........               (no amulet)
                                (no ring)
                                (no ring)

@: no status effects
A: no striking features
a: no special abilities


You were on level 3 of the Dungeon.
You were not hungry.

You visited 1 branch of the dungeon, and saw 4 of its levels.

You collected 44 gold pieces.

Inventory:

Hand Weapons
 n - a +0 dagger of flaming
Missiles
 b - 17 stones (in hand)
Armour
 c - a +0 robe (worn)
 i - a +0 pair of gloves (worn)
Jewellery
 j - a cursed ring of loudness {unknown}
Wands
 k - a wand of flame (21/48)
Scrolls
 g - 2 scrolls of identify {unknown}
 h - a scroll of enchant weapon {unknown}
 q - a scroll of enchant armour {unknown}
Potions
 a - a potion of agility {unknown}
 f - a potion of degeneration {unknown}
 l - a potion of lignification {unknown}
 o - a potion of might {unknown}
 p - a potion of curing {unknown}
 r - a potion of berserk rage {unknown}
Books
 e - a book of Geomancy

   Spells                             Type                      Level
   a - Sandblast                      Earth                        1
   b - Passwall                       Transmutation/Earth          2
   c - Stone Arrow                    Conjuration/Earth            3
   d - Petrify                        Transmutation/Earth          4
   e - Lee's Rapid Deconstruction     Earth                        5
Comestibles
 d - a bread ration
 m - 4 chunks of flesh


   Skills:
 - Level 2.4 Dodging
 - Level 2.4 Stealth
 - Level 3.0 Spellcasting
 - Level 1.1 Transmutations
 + Level 4.2 Earth Magic


You had 4 spell levels left.
You knew the following spells:

 Your Spells              Type           Power        Failure   Level  Hunger
f - Sandblast             Erth           ###...       2%          1    None
v - Passwall              Tmut/Erth      ##........   10%         2    ##.....


Dungeon Overview and Level Annotations

Branches:
Dungeon (4/15)
 Temple: D:4-7

Altars:
Nemelex Xobeh

Annotations:
D:3 exclusion: downstairs
D:4 exclusion: zombie


Message History

Unknown command.
Casting: Sandblast
Confirm with . or Enter, or press ? or * to list all spells.
Aiming: Sandblast
Press: ? - help, Shift-Dir - straight line, f/p - orc priest
Aim: an orc priest, wielding a flail and wearing a scale mail (severely wounded)
The rocky blast hits the orc priest.
The orc priest is severely wounded.
The orc priest closely misses you.
Unknown command.
Casting: Sandblast
Confirm with . or Enter, or press ? or * to list all spells.
Aiming: Sandblast
Press: ? - help, Shift-Dir - straight line, f/p - orc priest
Aim: an orc priest, wielding a flail and wearing a scale mail (severely wounded)
The rocky blast hits the orc priest.
The orc priest is severely wounded.
The orc priest hits you with a flail!
Ouch! That really hurt!
You die...

#.. .......###..... #..
....... #..... #..
...... #..... ##.###
#...###..... #....#
#....†...... #..#.#
#######......## #..#.#
#..........#.#
#..#.####..).......#.##
#...(o@##.......####...
#....o.##.......# #...
#......##.......# #...
#......##.......# #...
#......###.....## #...
#......# #.....# #...
#......# #.....#####.##
#......###.........#.##
##....###...#......#...


You could see an orc priest and an orc wizard.

Vanquished Creatures
  An adder (D:3)
  An orc (D:3)
  A ball python (D:3)
  A bat (D:3)
  A hobgoblin (D:3)
  3 kobolds
8 creatures vanquished.

Notes
Turn   | Place    | Note
-------+----------+-------------------------------------------
     0 | D:1      | Amnesiac the Deep Elf Earth Elementalist began the quest for the Orb.
     0 | D:1      | Reached XP level 1. HP: 10/10 MP: 6/6
   114 | D:3      | Reached skill level 4 in Earth Magic
   114 | D:3      | Reached XP level 2. HP: 15/15 MP: 4/8
   122 | D:3      | Learned a level 2 spell: Passwall
   248 | D:3      | Found a sparkling altar of Nemelex Xobeh.
   335 | D:3      | Mangled by an orc priest

Vault maps used:
D:1:      lightli_arrival_farm
D:2:      elyvilon_altar_1
D:3:      nemelex_xobeh_ov_fountains_minmay
D:4:      nicolae_ossuary_entry_ruins, first_bread, uniq_robin, uniq_natasha,
          uniq_duvessa

Skill      XL: |  1 |
---------------+----+-----
Earth Magic    | 4 |  4.2
Dodging        | |  2.4
Stealth        | |  2.4
Spellcasting   | |  3.0
Transmutations | |  1.1

Action                   || total
-------------------------++-------
Melee: Dagger            ||     1
 Cast: Sandblast         ||    20
Armor: Robe              ||     5
Dodge: Dodged            ||    13
